 Dungeon Crawl Stone Soup version 0.27.1-34-g3ba077fa99 (webtiles) character file.

Game seed: 12823367274712424211

31 hawla the Grave Robber (level 3, 0/30 HPs)
             Began as a Deep Elf Necromancer on Jan 2, 2022.
             Succumbed to an adder's poison
             ... on level 2 of the Dungeon.
             The game lasted 00:04:03 (1360 turns).

hawla the Grave Robber (Deep Elf Necromancer)       Turns: 1360, Time: 00:04:04

Health: 0/30       AC: 21    Str:  5    XL:     3   Next: 7%
Magic:  5/9        EV:  2    Int: 20    God:
Gold:   48         SH:  0    Dex: 21    Spells: 7/8 levels left

rFire    . . .     SeeInvis .   i - +0 short sword
rCold    + . .     Faith    .   (no shield)
rNeg     + + +     Spirit   .   (armour currently unavailable)
rPois    +         Reflect  .   (helmet currently unavailable)
rElec    .         Harm     .   (cloak currently unavailable)
rCorr    .         Rampage  .   (gloves currently unavailable)
Will     .....     NoTele   +   (boots currently unavailable)
Stlth    +++.......             (no amulet)
HPRegen  0.10/turn              h - +6 ring of dexterity
MPRegen  0.11/turn              d - ring of protection from cold

@: lethally poisoned (0 -> -4), tree-form, hasted, very quick
A: stationary, stasis, torment immunity, boosted hp
a: no special abilities


You were on level 2 of the Dungeon.
You were a tree.
You visited 1 branch of the dungeon, and saw 2 of its levels.

You collected 48 gold pieces.

Inventory:

Hand Weapons
 i - a +0 short sword (weapon)
Armour
 a - a +0 robe (melded)
Jewellery
 d - a ring of protection from cold (right branch)
 h - a +6 ring of dexterity (left branch)
Scrolls
 c - a scroll of immolation {unknown}
 g - a scroll of identify
Potions
 e - a potion of haste
 f - a potion of might


   Skills:
 + Level 1.1 Fighting
 - Level 3.0 Dodging
 - Level 3.0 Stealth
 + Level 3.1 Spellcasting
 + Level 5.0 Necromancy


You had 7 spell levels left.
You knew the following spells:

 Your Spells              Type           Power      Damage    Failure   Level
a - Pain                  Necr           92%        1d8       1%          1

Your spell library contained the following spells:

 Spells                   Type           Power      Damage    Failure   Level
 Animate Skeleton         Necr           46%        N/A       1%          1
 Vampiric Draining        Necr           11%        2d7       5%          3
 Animate Dead             Necr           11%        N/A       17%         4
 Agony                    Necr           23%        N/A       43%         5


Dungeon Overview and Level Annotations

Branches:
Dungeon (2/15)

Altars:


Message History

You feel sick. The adder bites you but does no damage.
Casting: Pain (safe; 1% risk of failure)
Confirm with . or Enter, or press ? or * to list all spells.
Aiming: Pain (safe; 1% risk of failure)
Press: ? - help, Shift-Dir - straight line, f/p - adder
Aim: an adder (almost dead, chance to affect: 86%)
The adder writhes in agony.
You kill the adder!
* * * LOW HITPOINT WARNING * * *
You feel sick.
Training target 1.0 for Fighting reached!
Your Fighting skill increases to level 1!
You need to enable at least one skill for training.
You have reached level 3!
Your experience leads to an increase in your attributes!
Your base attributes are Str 5, Int 19, Dex 15.
Increase (S)trength, (I)ntelligence, or (D)exterity?
You feel clever.
Saving game... please wait.
Welcome back, hawla the Deep Elf Necromancer.
Press ? for a list of commands and other information.
Casting: Pain (safe; 1% risk of failure)
Confirm with . or Enter, or press ? or * to list all spells.
Aiming: Pain (safe; 1% risk of failure)
Press: ? - help, Shift-Dir - straight line, f - hobgoblin
Aim: a hobgoblin (chance to affect: 92%)
The hobgoblin writhes in agony.
You kill the hobgoblin!
* * * LOW HITPOINT WARNING * * *
You feel sick.
There is a lethal amount of poison in your body!
Okay, then.
There is a lethal amount of poison in your body!
* * * LOW HITPOINT WARNING * * *
You feel sick.
* * * LOW HITPOINT WARNING * * *
You feel sick.
* * * LOW HITPOINT WARNING * * *
You feel sick.
You die...

. #.####. #. ..
#.##... #.## #.##.#.
###...# ##.##.#.
......## #§...[..
#.#.#.# #.§.#.##
#.#...#.# ####.§§#.#
#..†....#####........#
#.....♣.......########
##......####..#
#.#..........# #
###.?####.## #... ..#
...###### #####


There were no monsters in sight!

Vanquished Creatures
  An adder (D:2)
  A ball python (D:1)
  2 bats
  A giant cockroach (D:1)
  A goblin (D:1)
  3 hobgoblins
  3 kobolds (D:1)
  A quokka (D:1)
  4 frilled lizards (D:1)
  4 rats
21 creatures vanquished.

Notes
Turn   | Place    | Note
-------+----------+-------------------------------------------
     0 | D:1      | hawla the Deep Elf Necromancer began the quest for the Orb.
     0 | D:1      | Reached XP level 1. HP: 10/10 MP: 6/6
   141 | D:1      | Reached skill level 5 in Necromancy
   508 | D:1      | Reached XP level 2. HP: 14/16 MP: 6/8
  1325 | D:2      | Found a faded altar of an unknown god.
  1356 | D:2      | Reached skill level 1 in Fighting
  1356 | D:2      | Reached XP level 3. HP: 5/20 MP: 6/9
  1359 | D:2      | HP: 1/30 [poisoned by an adder]
  1360 | D:2      | Succumbed to an adder's poison

Illustrated notes

Levels and vault maps discovered:
D:1:      dpeg_arrival_short_road, layout_basic
D:2:      layout_loops_cross, ebering_ecumenical_altar_mist

Skill      XL: |  1  2 |
---------------+-------+-----
Necromancy     | 5 |  5.0
Stealth        | 3 |  3.0
Dodging        | 3 |  3.0
Fighting       | 1 |  1.1
Spellcasting   | |  3.1

Action                   || total
-------------------------++-------
Melee: Dagger            ||    13
       Short sword       ||     8
 Cast: Pain              ||    18
  Use: Scroll            ||     3
       Potion            ||     2
 Stab: Sleeping          ||     7
Armor: Robe              ||     4
       Skin              ||     2
Dodge: Dodged            ||    10
